 Dungeon Crawl Stone Soup version 0.21-a0-279-g6037ffb (webtiles) character file.

7210 tidbits the Fighter (level 10, 94/94 HPs)
             Began as a Black Draconian Necromancer on Sept 23, 2017.
             Was a Follower of Uskayaw.
             Quit the game on level 10 of the Dungeon.
             The game lasted 00:48:22 (6016 turns).

tidbits the Fighter (Black Draconian Necromancer)   Turns: 6016, Time: 00:48:22

Health: 94/94      AC:  8    Str: 10    XL:     10   Next: 87%
Magic:  16/16      EV: 21    Int: 18    God:    Uskayaw [*.....]
Gold:   603        SH:  6    Dex: 11    Spells: 1/17 levels left

rFire    . . .     SeeInvis .   d - +1 whip (elec)
rCold    . . .     Gourm    .   D - +1 buckler
rNeg     . . .     Faith    .   (armour unavailable)
rPois    .         Spirit   .   (helmet restricted)
rElec    +         Reflect  .   C - +0 cloak
rCorr    .         Harm     .   (no gloves)
MR       +....                  (no boots)
Stlth    ++........             l - amulet of magic regeneration
HPRegen  0.25/turn              V - +5 ring of evasion
MPRegen  0.40/turn              E - ring of protection from magic

@: no status effects
A: breathe lightning, unfitting armour, electricity resistance, weak 1, wild
magic 1, cold-blooded, AC +7
a: Breathe Lightning, Stomp, Renounce Religion


You were on level 10 of the Dungeon.
You worshipped Uskayaw.
Uskayaw was noncommittal.
You were not hungry.

You visited 2 branches of the dungeon, and saw 12 of its levels.

You collected 603 gold pieces.

Inventory:

Hand Weapons
 d - a +1 whip of electrocution (weapon)
   (You took it off Pikel on level 6 of the Dungeon)
 g - a +0 club
 k - a +0 falchion
 q - a +6 dire flail of protection
   (You took it off Edmund on level 6 of the Dungeon)
 r - a +1 dagger of holy wrath
   (You took it off an orc on level 5 of the Dungeon)
 s - a +1 dagger
 B - a +0 arbalest
 R - a +2 dagger of speed
   (You took it off an orc wizard on level 9 of the Dungeon)
Missiles
 i - 21 sling bullets
 m - 200 arrows
 v - 2 throwing nets (quivered) {!f}
 A - 11 tomahawks
Armour
 C - a +0 cloak (worn)
 D - a +1 buckler (worn)
Jewellery
 j - an uncursed ring of ice
   (You found it on level 2 of the Dungeon)
 l - an amulet of magic regeneration (around neck)
   (You found it on level 4 of the Dungeon)
 E - a ring of protection from magic (right hand)
   (You found it on level 7 of the Dungeon)
 I - an uncursed ring of see invisible
   (You found it on level 2 of the Dungeon)
 V - a +5 ring of evasion (left hand)
   (You found it on level 2 of the Dungeon)
Wands
 p - a wand of confusion (0/48)
 F - a wand of digging (5/24)
 H - a wand of confusion (2/48)
 K - a wand of iceblast (11/15)
 U - a wand of random effects (34/48)
 W - a wand of acid (12/15)
 X - a wand of polymorph (15/24)
Scrolls
 e - 3 scrolls of amnesia
 o - 6 scrolls of remove curse
 t - 2 scrolls of blinking {unknown}
 u - a scroll of magic mapping {unknown}
 y - 3 scrolls of teleportation {unknown}
 G - a scroll of immolation {unknown}
 J - a scroll of vulnerability {unknown}
 M - a scroll of summoning {unknown}
 N - a scroll of fog {unknown}
Potions
 w - 2 potions of might {unknown}
 x - 2 potions of lignification {unknown}
 z - 2 potions of agility
 O - a potion of invisibility {unknown}
 P - a potion of heal wounds {unknown}
 S - a potion of brilliance {unknown}
Books
 a - a book of Necromancy

   Spells                             Type                      Level
   a - Pain                           Necromancy                   1
   b - Animate Skeleton               Necromancy                   1
   c - Vampiric Draining              Necromancy                   3
   d - Regeneration                   Charms/Necromancy            3
   e - Animate Dead                   Necromancy                   4
   f - Control Undead                 Necromancy                   4
 L - a book of Flames
   (You found it on level 7 of the Dungeon)

   Spells                             Type                      Level
   a - Flame Tongue                   Conjuration/Fire             1
   b - Throw Flame                    Conjuration/Fire             2
   c - Conjure Flame                  Conjuration/Fire             3
   d - Inner Flame                    Hexes/Fire                   3
   e - Sticky Flame                   Conjuration/Fire             4
   f - Fireball                       Conjuration/Fire             5
 T - a book of Misfortune
   (You found it on level 8 of the Dungeon)

   Spells                             Type                      Level
   a - Confusing Touch                Hexes                        1
   b - Confuse                        Hexes                        3
   c - Gell's Gravitas                Translocation                3
   d - Petrify                        Transmutation/Earth          4
   e - Metabolic Englaciation         Hexes/Ice                    5
   f - Yara's Violent Unravelling     Hexes/Transmutation          5
Comestibles
 b - 6 bread rations
 c - 3 chunks of flesh
 f - 7 fruits
 h - 7 meat rations
 n - 4 royal jellies


   Skills:
 - Level 10.5 Fighting
 - Level 9.1 Dodging
 - Level 1.7 Stealth
 - Level 4.5 Shields
 + Level 4.3 Unarmed Combat
 - Level 4.0 Spellcasting
 - Level 7.1 Necromancy


You had one spell level left.
You knew the following spells:

 Your Spells              Type           Power        Failure   Level  Hunger
a - Pain                  Necr           ####         1%          1    None
n - Animate Skeleton      Necr           N/A          1%          1    None
r - Regeneration          Chrm/Necr      ###.......   14%         3    ###....
u - Control Undead        Necr           #####.....   12%         4    ####...
v - Vampiric Draining     Necr           #####.....   4%          3    ###....
N - Animate Dead          Necr           N/A          12%         4    ####...


Dungeon Overview and Level Annotations

Branches:
Dungeon (11/15)            Temple (1/1) D:4            Lair (0/6) D:10
    Orc: D:9-12

Altars:
Ashenzari
Dithmenos
Fedhas
Hepliaklqana
Nemelex Xobeh
Okawaru
Ru
Trog
Uskayaw
Yredelemnul
The Shining One

Annotations:
D:4 Sigmund
D:9 1 runed door
D:11 removed's ghost, novice DgWz


Innate Abilities, Weirdness & Mutations

You can breathe wild blasts of lightning.
Your glossy black scales are hard. (AC +7)
You cannot fit into any form of body armour.
You are resistant to electric shocks. (rElec)
You are cold-blooded and may be slowed by cold attacks.
You are weak. (Str -2)
Your spells are a little harder to cast, but a little more powerful.


Message History

An iguana comes into view.
Evoke which item? (* to show all) (? for menu, Esc to quit)
Aiming: Confuse
Press: ? - help, Shift-Dir - straight line, f - Psyche
Aim: Psyche, wielding a dagger of distortion and wearing a robe (chance to defeat MR: 46%) Psyche resists with some effort.
The iguana hisses angrily.
This wand has 7 charges left.
Psyche mumbles some strange words.
Psyche seems to speed up.
Evoke which item? (* to show all) (? for menu, Esc to quit)
Aiming: Confuse
Press: ? - help, Shift-Dir - straight line, f/p - Psyche
Aim: Psyche, wielding a dagger of distortion and wearing a robe (fast, chance to defeat MR: 46%) Psyche resists with some effort.
This wand has 6 charges left.
Evoke which item? (* to show all) (? for menu, Esc to quit)
Aiming: Confuse
Press: ? - help, Shift-Dir - straight line, f/p - Psyche
Aim: Psyche, wielding a dagger of distortion and wearing a robe (fast, chance to defeat MR: 46%) Psyche resists with some effort.
This wand has 5 charges left.
Evoke which item? (* to show all) (? for menu, Esc to quit)
Aiming: Confuse
Press: ? - help, Shift-Dir - straight line, f/p - Psyche
Aim: Psyche, wielding a dagger of distortion and wearing a robe (fast, chance to defeat MR: 46%) Psyche resists with some effort.
This wand has 4 charges left.
You block Psyche's attack.
Evoke which item? (* to show all) (? for menu, Esc to quit)
Aiming: Confuse
Press: ? - help, Shift-Dir - straight line, f/p - Psyche
Aim: Psyche, wielding a dagger of distortion and wearing a robe (fast, chance to defeat MR: 46%) Psyche resists with some effort.
This wand has 3 charges left.
Psyche gestures at you while chanting. The magic dart hits you!
Psyche closely misses you.
Evoke which item? (* to show all) (? for menu, Esc to quit)
Aiming: Confuse
Press: ? - help, Shift-Dir - straight line, f/p - Psyche
Aim: Psyche, wielding a dagger of distortion and wearing a robe (fast, chance to defeat MR: 46%) Psyche appears confused.
This wand has 2 charges left.
Psyche hits the iguana with a dagger of distortion.
Psyche gestures wildly.
You block Psyche's attack. The iguana barely misses you.
You hit Psyche but do no damage. Lightning courses through Psyche!
Psyche is severely wounded.
Psyche barely misses you.
Psyche hits the iguana with a dagger of distortion.
The iguana is devoured by a tear in reality.
Casting: Pain
Confirm with . or Enter, or press ? or * to list all spells.
Aiming: Vampiric Draining
Press: ? - help, Shift-Dir - straight line, f/p - Psyche
Aim: Psyche, wielding a dagger of distortion and wearing a robe (severely wounded, fast, confused) Psyche is severely wounded.
You feel life coursing into your body.
Psyche gestures wildly.
You can now pass through a line of other dancers.
Casting: Vampiric Draining
Confirm with . or Enter, or press ? or * to list all spells.
Aiming: Vampiric Draining
Press: ? - help, Shift-Dir - straight line, f/p - Psyche
Aim: Psyche, wielding a dagger of distortion and wearing a robe (severely wounded, fast, confused) Psyche is almost dead.
You feel life coursing into your body.
Casting: Vampiric Draining
Confirm with . or Enter, or press ? or * to list all spells.
Aiming: Pain
Press: ? - help, Shift-Dir - straight line, f/p - Psyche
Aim: Psyche, wielding a dagger of distortion and wearing a robe (almost dead, fast, confused, chance to defeat MR: 84%) Psyche writhes in agony!
You kill Psyche!
Your Unarmed Combat skill increases to level 4!
Uskayaw will force your foes to helplessly watch your dance.
Things that are here:
a dagger of distortion; a robe; the human corpse of Psyche
Casting: Pain
Confirm with . or Enter, or press ? or * to list all spells.
You attempt to give life to the dead...
Before your eyes, flesh is ripped from the corpse!
The dead are walking!
You see here 3 chunks of flesh.
c - 3 chunks of flesh You can no longer pass through a line of other dancers.
It was a potion of mutation.
You feel extremely strange.
You feel agile.
Your feet thicken and deform.
Really quaff
Q - 3 potions of mutation {!q}?
You feel extremely strange.
You feel clumsy.
Your hooves expand and flesh out into feet!
You feel resistant to hostile enchantments.
You feel clumsy.
Your toenails lengthen and sharpen.
Really quaff
Q - 2 potions of mutation {!q}?
You feel extremely strange.
You feel agile.
You feel less resistant to hostile enchantments.
You feel clever.
Your toenails lengthen and sharpen.
Really quaff
Q - a potion of mutation {!q}?
You feel extremely strange.
You feel stupid.
Your talons look more like feet.
Your talons dull and shrink into feet.
You feel weaker.
You feel less in control of your magic.
Are you sure you want to abandon this character and quit the game? (Confirm with "yes".)

#............>.#####
#...................
#...................
#..#################
#..# # #..# # #..#
##
#..################.
#..@..........>.....
#.Z#################
#..# # #..# #..#
#..# #..#
#..#################
#...................


You could see the friendly Psyche the human skeleton.

Vanquished Creatures
  Pikel (D:6)
  Psyche (D:10)
  2 trolls
  Prince Ribbit (D:6)
  A hornet (D:10)
  2 hippogriffs
  A shadow (D:11)
  3 yaks (D:9)
  Eustachio (D:4)
  A vampire mosquito (D:10)
  Menkaure (D:5)
  A hungry ghost (D:7)
  Edmund (D:6)
  2 hell hounds (D:10)
  3 sky beasts (D:6)
  3 ice beasts
  2 orc warriors
  2 eyes of draining
  6 ogres
  4 centaurs
  Blork the orc (D:6)
  2 bullfrogs
  A water moccasin zombie (D:6)
  2 scorpions
  8 killer bees
  4 howler monkeys
  2 crimson imps
  A quasit (D:10)
  A bullfrog zombie (D:5)
  3 jellies
  5 orc wizards
  4 hounds
  2 orc priests
  3 centaur skeletons
  2 bullfrog skeletons (D:6)
  5 iguanas
  8 worker ants
  A hound skeleton (D:7)
  A worker ant zombie (D:6)
  A howler monkey skeleton (D:6)
  8 adders
  2 shadow imps
  An ooze (D:2)
  3 adder skeletons
  4 worms
  4 leopard geckos
  26 orcs
  2 giant cockroaches
  6 goblins
  2 hobgoblins
  10 jackals
  A kobold (D:2)
  5 quokkas
  2 ball pythons
  2 bats (D:3)
  2 frilled lizards
  2 jackal skeletons
  A jackal zombie (D:5)
  A kobold skeleton (D:9)
  A leopard gecko skeleton (D:4)
  6 rats
187 creatures vanquished.

Vanquished Creatures (collateral kills)
  A sky beast (D:7)
  An ogre (D:4)
  A crimson imp (D:6)
  A worker ant (D:7)
  A hound skeleton (D:8)
  A worker ant simulacrum (D:10)
  An orc (D:9)
  A giant cockroach (D:5)
  A frilled lizard (D:4)
9 creatures vanquished.

Vanquished Creatures (others)
  A slave (D:6)
  An iguana (D:10)
2 creatures vanquished.

Grand Total: 198 creatures vanquished

Notes
Turn   | Place    | Note
-------+----------+-------------------------------------------
     0 | D:1      | tidbits the Draconian Necromancer began the quest for the Orb.
     0 | D:1      | Reached XP level 1. HP: 14/14 MP: 3/3
   197 | D:1      | Reached XP level 2. HP: 16/20 MP: 0/5
   202 | D:1      | Learned a level 1 spell: Animate Skeleton
   367 | D:2      | Found a glowing golden altar of the Shining One.
   549 | D:2      | Reached skill level 5 in Necromancy
   549 | D:2      | Reached XP level 3. HP: 6/26 MP: 0/6
   668 | D:2      | Found a hazy altar of Hepliaklqana.
  1038 | D:4      | Reached XP level 4. HP: 31/33 MP: 2/8
  1043 | D:4      | Learned a level 3 spell: Vampiric Draining
  1047 | D:4      | Learned a level 3 spell: Regeneration
  1086 | D:4      | Noticed an ogre
  1135 | D:4      | Killed an ogre
  1135 | D:4      | Reached skill level 3 in Spellcasting
  1135 | D:4      | Reached skill level 6 in Necromancy
  1135 | D:4      | Reached XP level 5. HP: 33/38 MP: 1/9
  1163 | D:4      | Noticed Sigmund
  1188 | D:4      | Noticed an ogre
  1218 | D:3      | Noticed an ogre
  1227 | D:3      | Killed an ogre
  1227 | D:3      | Reached XP level 6. HP: 38/45 MP: 0/11
  1658 | D:3      | Reached skill level 4 in Spellcasting
  1658 | D:3      | Reached skill level 7 in Necromancy
  1776 | D:4      | Learned a level 4 spell: Control Undead
  1789 | D:5      | Entered Level 5 of the Dungeon
  1793 | D:5      | Reached skill level 2 in Dodging
  1806 | D:5      | Reached skill level 1 in Fighting
  1823 | D:5      | Your scales start taking on a glossy black colour.
  1823 | D:5      | Reached XP level 7. HP: 33/52 MP: 8/13
  1823 | D:5      | Gained mutation: You are resistant to electric shocks. (rElec) [Black Draconian growth]
  1968 | D:6      | Noticed Prince Ribbit
  1981 | D:6      | Killed Prince Ribbit
  1981 | D:6      | Reached skill level 3 in Fighting
  1981 | D:6      | Reached skill level 3 in Dodging
  2049 | D:6      | Noticed Pikel
  2080 | D:6      | Killed Pikel
  2080 | D:6      | Reached skill level 5 in Fighting
  2080 | D:6      | Reached skill level 5 in Dodging
  2080 | D:6      | Reached XP level 8. HP: 56/68 MP: 4/14
  2164 | D:7      | Noticed a hippogriff
  2165 | D:7      | Reached skill level 6 in Fighting
  2176 | D:7      | Killed a hippogriff
  2268 | D:5      | Noticed Edmund
  2286 | D:6      | Killed Edmund
  2286 | D:6      | Reached skill level 6 in Dodging
  2313 | D:5      | Found a shadowy altar of Dithmenos.
  2452 | D:5      | Reached skill level 7 in Fighting
  2469 | D:5      | Noticed Menkaure
  2485 | D:5      | Killed Menkaure
  2485 | D:5      | Reached XP level 9. HP: 41/79 MP: 15/15
  2605 | D:4      | Noticed Eustachio
  2622 | D:4      | Killed Eustachio
  2966 | D:6      | Noticed Blork the orc
  2980 | D:6      | Killed Blork the orc
  3029 | D:6      | Reached skill level 8 in Fighting
  3029 | D:6      | Reached skill level 7 in Dodging
  3256 | D:7      | Found a sacrificial altar of Ru.
  3556 | D:6      | Found a glowing golden altar of the Shining One.
  3803 | D:7      | Reached skill level 9 in Fighting
  4069 | D:4      | Reached skill level 8 in Dodging
  4100 | D:4      | Found a staircase to the Ecumenical Temple.
  4109 | Temple   | Entered the Ecumenical Temple
  4124 | Temple   | Became a worshipper of Uskayaw the Reveler
  4220 | D:8      | Reached * piety under Uskayaw
  4233 | D:8      | Reached ** piety under Uskayaw
  4237 | D:8      | Reached *** piety under Uskayaw
  4239 | D:8      | Reached **** piety under Uskayaw
  4245 | D:8      | Reached ***** piety under Uskayaw
  4250 | D:8      | Reached ****** piety under Uskayaw
  4442 | D:10     | Entered Level 10 of the Dungeon
  4459 | D:10     | Reached XP level 10. HP: 91/92 MP: 12/16
  4615 | D:10     | Learned a level 4 spell: Animate Dead
  4737 | D:9      | Found a sparkling altar of Nemelex Xobeh.
  4759 | D:9      | Reached skill level 10 in Fighting
  4881 | D:8      | Reached skill level 9 in Dodging
  4974 | D:9      | Found a runed door.
  4977 | D:9      | Found a basalt altar of Yredelemnul.
  5160 | D:11     | Noticed an eight-headed hydra
  5275 | D:9      | Reached skill level 1 in Shields
  5317 | D:9      | Reached skill level 2 in Shields
  5333 | D:9      | Reached skill level 3 in Shields
  5380 | D:10     | Found a staircase to the Lair.
  5480 | D:11     | Reached skill level 4 in Shields
  5525 | D:10     | Reached skill level 1 in Unarmed Combat
  5677 | D:10     | Reached skill level 2 in Unarmed Combat
  5744 | D:11     | Reached skill level 3 in Unarmed Combat
  5910 | D:11     | Noticed removed's ghost (novice DgWz)
  5983 | D:10     | Noticed Psyche
  5994 | D:10     | Killed Psyche
  5994 | D:10     | Reached skill level 4 in Unarmed Combat
  6012 | D:10     | Gained mutation: You are agile. (Dex +2) [potion of mutation]
  6012 | D:10     | Gained mutation: You have large cloven feet. [potion of mutation]
  6013 | D:10     | Lost mutation: You are agile. (Dex +2) [potion of mutation]
  6013 | D:10     | Lost mutation: You have large cloven feet. [potion of mutation]
  6013 | D:10     | Gained mutation: You are resistant to hostile enchantments. (MR+) [potion of mutation]
  6013 | D:10     | Gained mutation: You are clumsy. (Dex -2) [potion of mutation]
  6013 | D:10     | Gained mutation: You have sharp toenails. [potion of mutation]
  6014 | D:10     | Lost mutation: You are clumsy. (Dex -2) [potion of mutation]
  6014 | D:10     | Lost mutation: You are resistant to hostile enchantments. (MR+) [potion of mutation]
  6014 | D:10     | Gained mutation: Your mind is acute. (Int +2) [potion of mutation]
  6014 | D:10     | Gained mutation: You have razor-sharp toenails. [potion of mutation]
  6015 | D:10     | Lost mutation: Your mind is acute. (Int +2) [potion of mutation]
  6015 | D:10     | Lost mutation: You have razor-sharp toenails. [potion of mutation]
  6015 | D:10     | Lost mutation: You have sharp toenails. [potion of mutation]
  6015 | D:10     | Gained mutation: You are weak. (Str -2) [potion of mutation]
  6015 | D:10     | Gained mutation: Your spells are a little harder to cast, but a little more powerful. [potion of mutation]
  6016 | D:10     | Quit the game

Vault maps used:
D:1:      dpeg_arrival_arbitrary_b
D:2:      tso_oasis_becter, lemuel_crystal_altar, first_bread
D:4:      minmay_temple_entry_glassed_door, uniq_eustachio, uniq_sigmund
D:5:      lemuel_round_altar, uniq_menkaure, uniq_edmund
D:6:      nicolae_tso_carved_into_rock, uniq_prince_ribbit1, uniq_pikel,
          uniq_blork_the_orc, uniq_grinder
D:7:      kennysheep_big_flooded_room, nicolae_ru_awakened_eye,
          due_unseen_surprise
D:8:      kennysheep_little_box, blue_anna_alchemist, columned_hall_lemuel
D:9:      nemelex_xobeh_ov_fountains_minmay, dk_yredelemnul_ordeal
D:10:     minmay_ornate_pinched, minmay_lair_entry_lava, uniq_psyche
Temple:   nicolae_temple_elliptical

Skill      XL: |  1  2  3  4  5  6  7  8  9 10 |
---------------+-------------------------------+-----
Necromancy     | 5 6 7 |  7.1
Spellcasting   | 3 4 |  4.0
Dodging        | 2 5 6 8 9 |  9.1
Fighting       | 1 5 7 9 10 | 10.5
Shields        | 4 |  4.5
Unarmed Combat | 4 |  4.3
Stealth        | |  1.7

Action                   |  1- 3 |  4- 6 |  7- 9 | 10-12 || total
-------------------------+-------+-------+-------+-------++-------
Melee: Unarmed           |     1 |       |       |       ||     1
       Dagger            |    17 |    41 |    38 |       ||    96
       Tailslap          |     1 |     4 |    17 |    28 ||    50
       Whip              |       |       |   210 |   247 ||   457
 Cast: Pain              |    49 |    70 |   127 |    22 ||   268
       Animate Skeleton  |     1 |     4 |    12 |    11 ||    28
       Vampiric Draining |       |     3 |    23 |    28 ||    54
       Regeneration      |       |     1 |     6 |    13 ||    20
       Control Undead    |       |       |     1 |       ||     1
       Animate Dead      |       |       |       |     1 ||     1
 Abil: Breathe Lightning |       |       |     4 |     4 ||     8
Evoke: Wand              |       |       |    19 |     9 ||    28
  Use: Scroll            |     6 |     3 |     6 |     4 ||    19
       Potion            |       |       |       |     4 ||     4
 Stab: Sleeping          |     1 |       |     4 |     2 ||     7
       Distracted        |       |       |     1 |       ||     1
       Paralysed         |       |       |     2 |     6 ||     8
  Eat: Chunk             |     1 |     3 |    14 |    11 ||    29
Armor: Skin              |     5 |    15 |    70 |    60 ||   150
Dodge: Dodged            |    23 |    58 |   340 |   302 ||   723
Block: Buckler           |       |       |       |    21 ||    21

Table legend:
 A = Spawn XP
 B = Non-spawn XP
 C = Spawn XP percentage of total XP
 D = Spawn monster count
 E = Non-spawn monster count
 F = Spawn count percentage of total count
 G = Total turns spent on level
                    A         B        C        D         E        F      G
               +---------+---------+-------+---------+---------+-------+---------
         Total |       0 |   10301 |   0.0 |       0 |     197 |   0.0 |  6016
               +---------+---------+-------+---------+---------+-------+---------
           D:1 |       0 |      13 |   0.0 |       0 |       9 |   0.0 |   299
           D:2 |       0 |      63 |   0.0 |       0 |       7 |   0.0 |   508
           D:3 |       0 |     262 |   0.0 |       0 |      21 |   0.0 |   656
           D:4 |       0 |     729 |   0.0 |       0 |      18 |   0.0 |   617
           D:5 |       0 |     443 |   0.0 |       0 |      19 |   0.0 |   638
           D:6 |       0 |    2139 |   0.0 |       0 |      20 |   0.0 |   703
           D:7 |       0 |    1287 |   0.0 |       0 |      29 |   0.0 |   765
           D:8 |       0 |     918 |   0.0 |       0 |      17 |   0.0 |   360
           D:9 |       0 |    1646 |   0.0 |       0 |      26 |   0.0 |   430
          D:10 |       0 |    1907 |   0.0 |       0 |      19 |   0.0 |   653
          D:11 |       0 |     894 |   0.0 |       0 |      12 |   0.0 |   362
               +---------+---------+-------+---------+---------+-------+---------

Table legend:
 A = Turns spent in this place as a percentage of turns spent in the entire game.
 B = Non-inter-level travel turns spent in this place as a percentage of non-inter-level travel turns spent in the entire game.
 C = Inter-level travel turns spent in this place as a percentage of turns spent in this place.
 D = Turns resting spent in this place as a percentage of non-inter-level travel turns spent in this place.
 E = Turns spent auto-exploring this place as a percentage of non-inter-level travel turns spent in this place.
 F = Non-inter-level travel turns spent in this place divided by the number of levels of this place that you've seen.
                   A       B       C       D       E      F
               +-------+-------+-------+-------+-------+----------------------
         Total | 100.0 | 100.0 |   3.5 |   5.0 |   0.0 | 483.6
       Dungeon |  99.6 |  99.7 |   3.4 |   5.1 |   0.0 | 526.0
        Temple |   0.4 |   0.3 |  32.0 |   0.0 |   0.0 |  17.0
               +-------+-------+-------+-------+-------+----------------------

Table legend:
 A = Kills in this place as a percentage of kills in entire the game.
 B = Kills by you in this place as a percentage of kills by you in the entire game.
 C = Kills by friends in this place as a percentage of kills by friends in the entire game.
 D = Other kills in this place as a percentage of other kills in the entire game.
 E = Experience gained in this place as a percentage of experience gained in the entire game.
 F = Experience gained in this place divided by the number of levels of this place that you have seen.
                   A       B       C       D       E      F
               +-------+-------+-------+-------+-------+----------------------
         Total | 100.0 | 100.0 | 100.0 | 100.0 | 100.0 | 858.4
       Dungeon | 100.0 | 100.0 | 100.0 | 100.0 | 100.0 | 936.5
               +-------+-------+-------+-------+-------+----------------------

Vault maps used:
D:1:      dpeg_arrival_arbitrary_b
D:2:      tso_oasis_becter, lemuel_crystal_altar, first_bread
D:4:      minmay_temple_entry_glassed_door, uniq_eustachio, uniq_sigmund
D:5:      lemuel_round_altar, uniq_menkaure, uniq_edmund
D:6:      nicolae_tso_carved_into_rock, uniq_prince_ribbit1, uniq_pikel,
          uniq_blork_the_orc, uniq_grinder
D:7:      kennysheep_big_flooded_room, nicolae_ru_awakened_eye,
          due_unseen_surprise
D:8:      kennysheep_little_box, blue_anna_alchemist, columned_hall_lemuel
D:9:      nemelex_xobeh_ov_fountains_minmay, dk_yredelemnul_ordeal
D:10:     minmay_ornate_pinched, minmay_lair_entry_lava, uniq_psyche
Temple:   nicolae_temple_elliptical
